Map: Frozen Temple

Players

SKY - Winner!

  • Race: Terran Terran
  • League: Master

Miszu

  • Race: Terran Terran
  • League: Master

VOD

Have the link to the VOD?

Description

Time

  • Played on: April 4, 2016, 2:49 p.m.
  • Length: 4:53
Show
View Real Time Build Order
Export as new Build Order

SKY Terran - Winner!

Build Orders: 1/1/1, Liberator Opening 

Get SALT Encoding   

  12  0:01  SCV  
  13  0:13  SCV  
  14  0:18  Supply Depot  
  14  0:25  SCV  
  15  0:29  Refinery  
  15  0:40  SCV  
  16  0:45  Barracks  
  16  0:52  SCV  
  17  1:02  Refinery  
  17  1:04  SCV  
  18  1:16  SCV  
  19  1:35  Factory, Orbital Command  
  19  1:38  Reaper  
  20  1:48  Supply Depot  
  20  2:01  SCV  
  21  2:11  Reaper  
  21  2:15  SCV  
  23  2:20  Starport  
  23  2:22  Hellion  
  25  2:27  SCV  
  26  2:39  SCV  
  26  2:40  Supply Depot  
  26  2:44  Reaper  
  28  2:45  Hellion, Liberator  
  31  2:51  SCV  
  31  3:04  Supply Depot  
  31  3:05  SCV  
  35  3:17  SCV  
  36  3:28  Barracks Reactor  
  36  3:29  Factory Tech Lab, SCV  
  37  3:39  Command Center  
  37  3:45  Viking  
  39  3:52  SCV  
  39  3:53  Engineering Bay  
  40  4:00  Cyclone  
  43  4:04  SCV  
  44  4:12  Marine x2  
  46  4:21  Missile Turret  
  46  4:22  SCV  
  47  4:32  Marine  
  47  4:34  SCV  
Show
View Real Time Build Order
Export as new Build Order

Miszu Terran 

Build Orders: 1/1/1, Banshee Rush 

Get SALT Encoding   

  12  0:00  SCV  
  13  0:13  SCV  
  14  0:18  Supply Depot  
  14  0:25  SCV  
  15  0:31  Refinery  
  15  0:39  SCV  
  16  0:45  Barracks  
  16  0:51  SCV  
  17  0:57  Refinery  
  17  1:03  SCV  
  18  1:20  SCV  
  19  1:36  Reaper  
  19  1:37  Factory  
  19  1:39  Orbital Command  
  20  1:46  Supply Depot  
  20  2:04  SCV  
  22  2:08  Reaper  
  22  2:16  SCV  
  22  2:21  Starport  
  22  2:22  Hellion  
  25  2:28  Supply Depot  
  25  2:29  SCV  
  26  2:41  SCV  
  26  2:43  Hellion, Barracks Tech Lab  
  29  2:54  Supply Depot  
  29  2:56  SCV  
  32  3:06  Hellion  
  32  3:07  Cloaking Field  
  32  3:08  SCV  
  33  3:19  Banshee  
  35  3:20  SCV  
  36  3:29  Hellion  
  36  3:32  SCV  
  36  3:34  Engineering Bay  
  39  3:44  SCV  
  39  3:46  Barracks Reactor  
  40  3:56  SCV  
  40  4:02  Viking  
  41  4:08  SCV  
  39  4:20  SCV  
  39  4:33  SCV  
Tags
 
Add a new tag
Caveats
  • Supply blocks, unpowered buildings, or Contaminate may cause inaccurate times.
  • Supply counts are checked every 10 seconds.